 Dungeon Crawl Stone Soup version 0.14.0-6-g1bc2dff (webtiles) character file.

12382 Heini the Basher (level 11, -2/101 HPs)
             Began as a Minotaur Berserker on Apr 10, 2014.
             Was the Champion of Trog.
             Killed by nerve-wracking pain
             ... invoked by an orc priest
              (7 damage)
             ... on Level 4 of the Orcish Mines on Apr 11, 2014.
             The game lasted 01:12:34 (11452 turns).

Heini the Basher (Minotaur Berserker)              Turns: 11452, Time: 01:12:34

HP  -2/101       AC 22     Str 24      XL: 11   Next: 46%
MP   5/5         EV  7     Int  4      God: Trog [******]
Gold 1178        SH  0     Dex 11      Spells:  0 memorised, 10 levels left

rFire  . . .     SeeInvis .     R - +0,+6 great mace (crush)
rCold  . . .     Clarity  .     I - +0 plate armour
rNeg   + . .     Conserve .     (no shield)
rPois  .         rCorr    .     d - +2 hat
rElec  .         rRot     .     G - +2 cloak
SustAb . .       Spirit   .     u - +1 pair of gloves
rMut   .         Warding  .     (no boots)
Gourm  +         Stasis   .     r - amulet of the gourmand
MR     .....                    y - ring of positive energy
                                s - ring of sustenance

@: exhausted, slowed, very slow, not resistant to hostile enchantments,
extremely unstealthy
A: retaliatory headbutt, horns 2
a: Burn Spellbooks, Berserk, Trog's Hand, Brothers in Arms, Renounce Religion


You were on level 4 of the Orcish Mines.
You worshipped Trog.
Trog was exalted by your worship.
You were very full.

You visited 2 branches of the dungeon, and saw 13 of its levels.
You also visited: Ossuary.

You collected 1178 gold pieces.

Inventory:

Hand weapons
 e - a +0,+4 anti-magic dire flail
 R - a +0,+6 great mace of crushing (weapon)
Missiles
 g - 29 stones (quivered)
Armour
 d - a +2 hat (worn)
 u - a +1 pair of gloves (worn)
 G - a +2 cloak (worn)
 I - a +0 plate armour (worn)
Magical devices
 b - a wand of lightning (3)
 z - a wand of draining (6)
 H - a wand of magic darts (0)
 M - a wand of slowing (9)
 Q - a wand of flame (9)
Comestibles
 c - 6 bread rations
 q - 2 pears
 x - 18 cheeses
 B - 2 meat rations
 C - a banana
 T - a honeycomb
Scrolls
 a - a scroll of enchant armour
 j - 2 scrolls of enchant weapon I
 n - 7 scrolls of remove curse
 p - a scroll of magic mapping
 v - 2 scrolls of blinking
 w - 2 scrolls of fog
 E - a scroll of recharging
 F - 2 scrolls of fear
 N - a scroll of teleportation {unknown}
 O - a scroll of vulnerability {unknown}
 P - a scroll of enchant weapon II {unknown}
Jewellery
 k - an uncursed amulet of guardian spirit
 r - an amulet of the gourmand (around neck)
 s - a ring of sustenance (left hand)
 y - a ring of positive energy (right hand)
 A - an uncursed ring of wizardry
Potions
 f - 8 potions of curing
 i - 2 potions of invisibility
 l - 2 potions of agility
 m - 2 potions of resistance {unknown}
 t - 2 potions of might
 D - a potion of brilliance {unknown}
 L - a potion of poison {unknown}
 S - a potion of restore abilities {unknown}


   Skills:
 * Level 10.6 Fighting
 * Level 14.6 Maces & Flails
 * Level 10.1 Armour
 + Level 7.3 Dodging
 + Level 0.6 Evocations


You had 10 spell levels left.
You didn't know any spells.

Dungeon Overview and Level Annotations

Branches:
Dungeon (9/15)             Temple (0/1) D:5             Orc (4/4) D:9
    Elf (0/3) Orc:4
   Lair: D:8-11

Altars:
Cheibriados
Dithmenos
Sif Muna
Trog
Vehumet
Xom

Shops:
D:9 (   Orc:1 (   Orc:4 *[


Innate Abilities, Weirdness & Mutations

You reflexively headbutt those who attack you in melee.
You have a pair of horns on your head.


Message History

* * * LOW HITPOINT WARNING * * *
You sock the orc priest!
You feel the power of Trog in you as your rage grows.
You kill the orc priest!
Trog accepts your kill.
The orc priest becomes somewhat translucent.
The orc priest calls down the wrath of Beogh upon you.
Something smites you!
* * * LOW HITPOINT WARNING * * *
You feel a strong urge to attack something.
You feel your anger subside.
You are no longer berserk.
You are exhausted.
You feel yourself slow down.
You hammer the orc priest like a gong!!!
You kill the orc priest!
Trog accepts your kill.
The orc priest mumbles some strange prayers to Beogh against you.
Pain shoots through your body!
You die...

###'##.......o..###.#
.oo...o...⌠...⌠..# #.# ....#
#)........o# #.# .....#
#..###'###.###.# ......# #o.#
#)))(.[ .......# #))# #.###.#
........# #)o# #.# #.#
........######))#######.###.#
............@)o..............
..............................
......#.###################.#
...........### ##...
......#.....## ##....#
..##.####....# ### #...... ##
##..## ###.####......
#....###....#.....##.
##...#..........#.#..


You could see an orc priest and an orc.

Vanquished Creatures
  4 orc high priests (Orc:4)
  A cyclops (Orc:1)
  A sixfirhy (Orc:4)
  A gargoyle (D:9)
  The ghost of weresquid the Grave Robber, an experienced HONe (D:5)
  An iron devil (Orc:4)
  Grinder (D:6)
  2 trolls
  A hippogriff (D:9)
  A hungry ghost (D:9)
  Edmund (D:7)
  6 wargs
  8 orc warriors
  2 giant goldfish (D:7)
  9 ogres
  2 sky beasts (D:9)
  2 phantoms
  Eustachio (D:7)
  Sigmund (D:5)
  Duvessa (D:6)
  Blork the orc (D:6)
  7 giant frogs
  5 water moccasin zombies (Ossuary)
  2 scorpions
  4 centaurs
  Dowan (D:6)
  2 goliath beetles (D:6)
  A quasit (D:6)
  7 crimson imps
  5 hounds
  Crazy Yiuf (D:6)
  26 orc priests
  9 worker ants
  4 iguanas
  15 orc wizards
  3 jellies
  An orange rat (D:7)
  A killer bee zombie (D:8)
  Ijyb (D:7)
  2 big kobold zombies (Ossuary)
  2 mummies (Ossuary)
  2 hound skeletons (D:7)
  3 gnolls (D:5)
  5 adders
  5 green rats (D:7)
  An inept item mimic (D:6)
  2 inept feature mimics (D:6)
  A shadow imp (D:5)
  A giant mite (D:8)
  5 worms
  5 adder zombies (Ossuary)
  4 oozes
  108 orcs
  12 bats
  A bat skeleton (D:5)
  5 giant cockroaches
  6 gnoll zombies
  16 hobgoblins
  10 jackals
  3 giant geckos
  A giant gecko skeleton (D:6)
  19 giant newts
  23 goblins
  2 hobgoblin skeletons
  5 hobgoblin zombies (Ossuary)
  8 kobolds
  2 kobold zombies (Ossuary)
  An orc skeleton (D:8)
  5 orc zombies (Ossuary)
  2 quokkas
  A quokka skeleton (D:8)
  22 rats
433 creatures vanquished.

Vanquished Creatures (others)
  A giant spore (D:8)
1 creature vanquished.

Grand Total: 434 creatures vanquished

Notes
Turn   | Place    | Note
--------------------------------------------------------------
     0 | D:1      | Heini, the Minotaur Berserker, began the quest for the Orb.
     0 | D:1      | Reached XP level 1. HP: 19/19 MP: 1/1
    88 | D:1      | Reached skill level 4 in Maces & Flails
    88 | D:1      | Reached XP level 2. HP: 25/27 MP: 1/1
   362 | D:1      | Acquired Trog's second power
   777 | D:2      | Reached XP level 3. HP: 28/33 MP: 2/2
   869 | D:2      | Found a shimmering altar of Xom.
   869 | D:2      | Found a bloodstained altar of Trog.
  1090 | D:2      | Reached skill level 5 in Maces & Flails
  1246 | D:3      | Reached XP level 4. HP: 40/40 MP: 2/2
  1753 | D:4      | Acquired Trog's third power
  1856 | D:4      | Reached XP level 5. HP: 44/47 MP: 2/2
  2025 | D:4      | Noticed an ogre
  2033 | D:4      | Killed an ogre
  2033 | D:4      | Reached skill level 6 in Maces & Flails
  2033 | D:4      | Reached XP level 6. HP: 55/55 MP: 3/3
  2097 | D:4      | Reached skill level 5 in Fighting
  2519 | D:5      | Entered Level 5 of the Dungeon
  2530 | D:5      | Reached skill level 7 in Maces & Flails
  2574 | D:5      | Reached XP level 7. HP: 14/61 MP: 3/3
  2895 | D:5      | Noticed weresquid's ghost (experienced HONe)
  2929 | D:5      | Killed weresquid's ghost
  2929 | D:5      | Reached skill level 8 in Maces & Flails
  3134 | D:5      | Reached skill level 5 in Dodging
  3187 | D:5      | Reached XP level 8. HP: 63/70 MP: 3/3
  3192 | D:5      | Found a staircase to the Ecumenical Temple.
  3314 | D:5      | Noticed Sigmund
  3321 | D:5      | Killed Sigmund
  3521 | D:6      | Found a snail-covered altar of Cheibriados.
  3574 | D:6      | Noticed Dowan
  3589 | D:6      | Noticed Duvessa
  3600 | D:6      | Killed Duvessa
  3622 | D:6      | Killed Dowan
  3742 | D:6      | Noticed Grinder
  3746 | D:6      | Paralysed by Grinder for 2 turns
  3755 | D:6      | Killed Grinder
  3755 | D:6      | Reached skill level 9 in Maces & Flails
  3755 | D:6      | Reached skill level 5 in Armour
  3886 | D:6      | Noticed Blork the orc
  3903 | D:6      | Killed Blork the orc
  4437 | D:6      | Noticed Crazy Yiuf
  4446 | D:6      | Killed Crazy Yiuf
  4446 | D:6      | Reached skill level 10 in Maces & Flails
  4550 | D:6      | Found a staircase to the Ecumenical Temple.
  4558 | D:6      | Found a shadowy altar of Dithmenos.
  4684 | D:6      | the staircase to the Ecumenical Temple was a mimic.
  4753 | D:7      | Found a deep blue altar of Sif Muna.
  4798 | D:7      | Noticed Ijyb
  4820 | D:7      | Killed Ijyb
  4964 | D:7      | Reached XP level 9. HP: 79/79 MP: 4/4
  5042 | D:7      | Noticed Edmund
  5049 | D:7      | Killed Edmund
  5308 | D:7      | Noticed Eustachio
  5320 | D:7      | Killed Eustachio
  5863 | D:8      | Found a sand-covered staircase.
  5878 | Ossuary  | Entered an ossuary
  5915 | Ossuary  | Reached skill level 11 in Maces & Flails
  6306 | D:8      | Received a gift from Trog
  6991 | D:8      | Reached XP level 10. HP: 88/90 MP: 4/4
  7060 | D:9      | Reached skill level 12 in Maces & Flails
  7386 | D:9      | Found a staircase to the Orcish Mines.
  7421 | D:9      | Found Keokhat's Weapon Shoppe.
  7848 | D:9      | Reached skill level 13 in Maces & Flails
  8237 | Orc:1    | Entered Level 1 of the Orcish Mines
  8318 | Orc:1    | Found a radiant altar of Vehumet.
  8365 | Orc:1    | Found Zilushya's Weapon Boutique.
  8730 | Orc:1    | Noticed a cyclops
  8738 | Orc:1    | Killed a cyclops
  8793 | Orc:2    | Received a gift from Trog
 10338 | Orc:4    | Entered Level 4 of the Orcish Mines
 10365 | Orc:4    | Found a staircase to the Elven Halls.
 10400 | Orc:4    | Received a gift from Trog
 10401 | Orc:4    | Upgraded the game from 0.14.0-2-gd2dacb9 to 0.14.0-6-g1bc2dff
 10453 | Orc:4    | Noticed an orc high priest
 10455 | Orc:4    | Reached XP level 11. HP: 99/99 MP: 5/5
 10472 | Orc:4    | Killed an orc high priest
 10472 | Orc:4    | Reached skill level 10 in Fighting
 10521 | Orc:4    | Reached skill level 14 in Maces & Flails
 10566 | Orc:4    | Noticed an orc high priest
 10577 | Orc:4    | Killed an orc high priest
 10683 | Orc:4    | Noticed an orc high priest
 10690 | Orc:4    | Killed an orc high priest
 11163 | Orc:4    | Reached skill level 10 in Armour
 11306 | Orc:4    | Found Opurahet's Assorted Antiques.
 11326 | Orc:4    | Found Veuckutt's Armour Boutique.
 11336 | Orc:4    | Received a gift from Trog
 11431 | Orc:4    | Noticed an orc high priest
 11445 | Orc:4    | Noticed an orc high priest
 11446 | Orc:4    | Killed an orc high priest
 11447 | Orc:4    | HP: 6/151 [orc priest/divine providence (12)]
 11452 | Orc:4    | Killed from afar by an orc priest

Action                   |  1- 3 |  4- 6 |  7- 9 | 10-12 || total
-------------------------+-------+-------+-------+-------++-------
Melee: Mace              |    93 |   146 |     3 |       ||   242
       Flail             |       |       |   428 |       ||   428
       Great mace        |       |       |    39 |   353 ||   392
Invok: Berserk           |       |       |     4 |     3 ||     7
       Burn Spellbooks   |       |       |     1 |       ||     1
Evoke: Wand              |       |       |     2 |     3 ||     5
  Use: Scroll            |       |    13 |     5 |     5 ||    23
       Potion            |       |       |       |     2 ||     2
 Stab: Sleeping          |       |     1 |       |       ||     1
